 Dungeon Crawl Stone Soup version 0.24.1-8-ga250c9d538 (webtiles) character file.

Game seed: 17523190743927996561, levelgen mode: deterministic

39 nightchill the Grave Robber (level 3, -1/20 HPs)
             Began as a Kobold Necromancer on May 6, 2020.
             Slain by a kobold (2 damage)
             ... on level 1 of the Dungeon.
             The game lasted 00:04:35 (2206 turns).

nightchill the Grave Robber (Kobold Necromancer)    Turns: 2206, Time: 00:04:35

Health: -1/20      AC:  2    Str:  6    XL:     3   Next: 67%
Magic:  6/6        EV: 15    Int: 16    God:
Gold:   47         SH:  0    Dex: 15    Spells: 4/6 levels left

rFire    . . .     SeeInvis .   g - +0 dagger
rCold    . . .     Gourm    .   (shield restricted)
rNeg     . . .     Faith    .   a - +0 robe
rPois    .         Spirit   .   (no helmet)
rElec    .         Reflect  .   (no cloak)
rCorr    .         Harm     .   (no gloves)
MR       .....                  (no boots)
Stlth    ++........             (no amulet)
HPRegen  0.06/turn              (no ring)
MPRegen  0.10/turn              (no ring)

@: no status effects
A: small, carnivore
a: no special abilities


You were on level 1 of the Dungeon.
You were not hungry.

You visited 1 branch of the dungeon, and saw 1 of its levels.

You collected 47 gold pieces.

Inventory:

Hand Weapons
 g - a +0 dagger (weapon)
Missiles
 h - 22 poisoned darts (quivered)
 i - 4 javelins
Armour
 a - a +0 robe (worn)
Scrolls
 b - a scroll of identify {unknown}
 e - a scroll of noise {unknown}
Potions
 d - a potion of mutation {unknown}
 f - a potion of cancellation {unknown}
Comestibles
 c - 4 rations


   Skills:
 + Level 1.2 Fighting
 * Level 1.5 Short Blades
 - Level 2.4 Dodging
 + Level 3.3 Stealth
 - Level 2.1 Spellcasting
 * Level 4.5 Necromancy


You had 4 spell levels left.
You knew the following spells:

 Your Spells              Type           Power        Failure   Level  Hunger
a - Pain                  Necr           ###.         3%          1    #......
b - Animate Skeleton      Necr           N/A          3%          1    #......

Your spell library contained the following spells:

 Spells                   Type           Power        Failure   Level  Hunger
 Vampiric Draining        Necr           ###.......   10%         3    ###....
 Regeneration             Chrm/Necr      #.........   24%         3    ###....
 Animate Dead             Necr           N/A          32%         4    #####..


Dungeon Overview and Level Annotations

Branches:
Dungeon (1/15)

Altars:

Annotations:
D:1 2 exclusions


Innate Abilities, Weirdness & Mutations

You are small and have problems with some larger weapons.
You are carnivorous and can eat meat at any time.


Message History

The kobold misses you. The kobold barely misses you.
The kobold barely misses you. The kobold closely misses you.
The kobold hits you. The kobold misses you. The kobold barely misses you.
The kobold completely misses you. The kobold barely misses you.
The kobold misses you. The kobold hits you.
* * * LOW HITPOINT WARNING * * *
The kobold closely misses you. The kobold hits you.
* * * LOW HITPOINT WARNING * * *
The kobold barely misses you. The kobold hits you.
* * * LOW HITPOINT WARNING * * *
The kobold hits you.
You die...

#.......# #
##.)####.########
##...## #.........
#..#..# #.#######.
#.###.# #># #..
#..#..# #.# ####..
#....## #.# #.....
#.##.# #.# #.##..
#@# .# #.# #.##..
#K...# #.###.##..
#.#### #.........
#.# #####.##.. #.#
##..##..
#.#########...####
#..............#
#.#########....#
##.#.#


You could see a kobold.

Vanquished Creatures
  A gnoll (D:1)
  A dart slug (D:1)
  A leopard gecko (D:1)
  4 goblins (D:1)
  3 hobgoblins (D:1)
  4 jackals (D:1)
  A kobold (D:1)
  2 bats (D:1)
  2 frilled lizards (D:1)
  4 rats (D:1)
23 creatures vanquished.

Vanquished Creatures (collateral kills)
  A bat (D:1)
  A hobgoblin (D:1)
2 creatures vanquished.

Grand Total: 25 creatures vanquished

Notes
Turn   | Place    | Note
-------+----------+-------------------------------------------
     0 | D:1      | nightchill the Kobold Necromancer began the quest for the
                  | Orb.
     0 | D:1      | Reached XP level 1. HP: 10/10 MP: 3/3
   237 | D:1      | Learned a level 1 spell: Animate Skeleton
   543 | D:1      | Reached XP level 2. HP: 14/16 MP: 3/5
   767 | D:1      | Reached skill level 1 in Fighting
  1389 | D:1      | Reached XP level 3. HP: 11/20 MP: 3/6
  1551 | D:1      | Reached skill level 1 in Short Blades
  2205 | D:1      | HP: 1/20 [kobold (3)]
  2206 | D:1      | Slain by a kobold

Levels and vault maps discovered:
D:1:      sevenhm_arrival_forest_fort_large_1, layout_loops_ring

Skill      XL: |  1  2  3 |
---------------+----------+-----
Stealth        | 3 |  3.3
Fighting       | 1 |  1.2
Short Blades   | 1 |  1.5
Dodging        | |  2.4
Spellcasting   | |  2.1
Necromancy     | |  4.5

Action                   || total
-------------------------++-------
Melee: Unarmed           ||    19
       Dagger            ||    56
 Cast: Pain              ||    26
       Animate Skeleton  ||     6
 Stab: Sleeping          ||     2
  Eat: Chunk             ||     6
Armor: Robe              ||    19
Dodge: Dodged            ||   140
